 Dungeon Crawl Stone Soup version 0.25.0-37-gb73750e0fb (webtiles) character file.

Game seed: 13055208705310273189

548 xccam the Cutter (level 7, -1/46 HPs)
             Began as an Octopode Assassin on July 8, 2020.
             Was a Believer of Uskayaw.
             Slain by Sigmund
             ... wielding a +0 scythe
              (14 damage)
             ... on level 5 of the Dungeon.
             The game lasted 00:06:28 (4492 turns).

xccam the Cutter (Octopode Assassin)                Turns: 4492, Time: 00:06:29

Health: -1/46      AC:  1    Str: 10    XL:     7   Next: 28%
Magic:  7/7        EV: 14    Int: 14    God:    Uskayaw [**....]
Gold:   309        SH:  9    Dex: 15    Spells: 6/6 levels left

rFire    + . .     SeeInvis .   a - +2 dagger
rCold    + . .     Gourm    .   (no shield)
rNeg     . . .     Faith    .   q - +0 hat
rPois    +         Spirit   .   f - amulet of reflection
rElec    +         Reflect  +   j - ring of poison resistance
rCorr    +         Harm     .   g - ring of protection from magic
MR       +....                  t - ring of resist corrosion
Stlth    ++++......             (no ring)
HPRegen  0.15/turn              (no ring)
MPRegen  0.10/turn              (no ring)
                                (no ring)
                                (no ring)

@: brilliant, resistant
A: almost no armour, stealthy swim, amphibious, 8 rings, constrict 8, large bone
plates 1, camouflage 1, high mp 1, wild magic 1, gelatinous body 1
a: Stomp, Line Pass, Renounce Religion


You were on level 5 of the Dungeon.
You worshipped Uskayaw.
Uskayaw was noncommittal.
You were not hungry.

You visited 2 branches of the dungeon, and saw 6 of its levels.

You collected 309 gold pieces.

Inventory:

Hand Weapons
 a - a +2 dagger (weapon)
Missiles
 b - 8 poisoned darts
 c - 6 curare-tipped darts (quivered)
Armour
 q - a +0 hat (worn)
Jewellery
 f - an amulet of reflection (around mantle)
 g - a ring of protection from magic (right tentacle)
 j - a ring of poison resistance (left tentacle)
 r - an uncursed ring of fire
 t - a ring of resist corrosion (on tentacle)
Scrolls
 e - a scroll of teleportation {unknown}
 i - a scroll of remove curse
 k - a scroll of immolation {unknown}
 n - 2 scrolls of amnesia
 o - a scroll of enchant weapon {unknown}
 s - 2 scrolls of noise {unknown}
 v - 4 scrolls of identify {unknown}
Potions
 h - a potion of mutation
 u - 2 potions of curing
 x - a potion of flight {unknown}
Comestibles
 d - 7 rations
 z - 4 chunks of flesh


   Skills:
 + Level 3.0 Fighting
 + Level 6.4 Short Blades
 - Level 2.0 Throwing
 + Level 2.4 Dodging
 + Level 6.4 Stealth


You had 6 spell levels left.
You didn't know any spells.
Your spell library was empty.

Dungeon Overview and Level Annotations

Branches:
Dungeon (5/15)             Temple (1/1) D:4

Altars:
Ashenzari
Cheibriados
Dithmenos
Elyvilon
Gozag
Hepliaklqana
Makhleb
Okawaru
Ru
Sif Muna
Trog
Uskayaw
Vehumet
Yredelemnul
The Shining One

Shops:
D:4 (

Annotations:
D:5 Sigmund


Innate Abilities, Weirdness & Mutations

You cannot wear most types of armour.
You are very stealthy in the water. (Stealth+)
You are amphibious.
You can wear up to eight rings at the same time.
You can use your tentacles to constrict eight enemies at once.
Your skin changes colour to match your surroundings (Stealth+).
Your rubbery body absorbs attacks. (AC +1, EV +1)
You are partially covered in large bone plates. (SH +4)
You have an increased reservoir of magic. (+10% MP)
Your spells are a little harder to cast, but a little more powerful.


Message History

You bump into the rock wall.
Something hits you!
You feel less invigorated.
You feel less confused.
You hear some strange, mumbled words.
A puff of flame appears from out of thin air!
The puff of flame hits you!
You hit something. Your squeeze misses something. You hit something.
You block something's attack.
You hit something. You squeeze something!
You can now pass through a line of other dancers.
You completely miss something. Something hits you!
* * * LOW HITPOINT WARNING * * *
You hit something.
It was a potion of resistance.
You feel protected. You block something's attack.
It was a potion of brilliance.
You feel clever all of a sudden. Something hits you!
You die...

####.+######...##......########..
...........'....#[)....#.........
...........#....#......#.........
...(.......#....'))....#.........
...........#....#......#.........
#####...####<.###......#'####..##
....#...####..#######.....#######
....#...........{...#.....#....#.
....'...........@...#.....#....#.
....#...............#.....'....'.
....#################.....#######
##### #######


There were no monsters in sight!

Vanquished Creatures
  An ogre (D:5)
  A bullfrog (D:5)
  A scorpion (D:4)
  A crimson imp (D:5)
  A bullfrog skeleton (D:4)
  An orc priest (D:3)
  An orc wizard (D:3)
  A worker ant (D:4)
  4 gnolls (D:3)
  6 adders
  An adder zombie (D:5)
  A worm (D:3)
  3 dart slugs
  A leopard gecko (D:2)
  18 orcs
  3 giant cockroaches
  5 goblins
  9 hobgoblins
  8 jackals
  A quokka (D:2)
  4 ball pythons
  7 bats
  5 frilled lizards
  7 kobolds
  9 rats
100 creatures vanquished.

Vanquished Creatures (others)
  3 toadstools (D:5)
3 creatures vanquished.

Grand Total: 103 creatures vanquished

Notes
Turn   | Place    | Note
-------+----------+-------------------------------------------
     0 | D:1      | xccam the Octopode Assassin began the quest for the Orb.
     0 | D:1      | Reached XP level 1. HP: 14/14 MP: 1/1
   176 | D:1      | Reached XP level 2. HP: 19/19 MP: 2/2
   735 | D:2      | Reached XP level 3. HP: 24/24 MP: 3/3
  1322 | D:2      | Found a white marble altar of Elyvilon.
  1373 | D:3      | Reached XP level 4. HP: 29/29 MP: 4/4
  2051 | D:3      | Found a shattered altar of Ashenzari.
  2138 | D:3      | Reached skill level 5 in Short Blades
  2138 | D:3      | Reached XP level 5. HP: 18/34 MP: 5/5
  2534 | D:3      | Found a bloodstained altar of Trog.
  2582 | D:3      | HP: 1/34 [orc/+0 mace (8)]
  2590 | D:3      | Gained mutation: You are frail. (-10% HP) [potion of
                  | mutation]
  2590 | D:3      | Gained mutation: You are partially covered in rugged brown
                  | scales. (AC +1, +3% HP) [potion of mutation]
  2920 | D:3      | Found a hazy altar of Hepliaklqana.
  3031 | D:3      | Lost mutation: You are partially covered in rugged brown
                  | scales. (AC +1, +3% HP) [potion of mutation]
  3031 | D:3      | Lost mutation: You are frail. (-10% HP) [potion of
                  | mutation]
  3031 | D:3      | Gained mutation: Your spells are a little harder to cast,
                  | but a little more powerful. [potion of mutation]
  3031 | D:3      | Gained mutation: You have an increased reservoir of magic.
                  | (+10% MP) [potion of mutation]
  3031 | D:3      | Gained mutation: You are partially covered in large bone
                  | plates. (SH +4) [potion of mutation]
  3185 | D:4      | Found Quoj's Weapon Emporium.
  3206 | D:4      | Reached XP level 6. HP: 39/39 MP: 6/6
  3320 | D:4      | Found a staircase to the Ecumenical Temple.
  3338 | Temple   | Entered the Ecumenical Temple
  3390 | Temple   | Became a worshipper of Uskayaw the Reveler
  3469 | D:4      | Reached * piety under Uskayaw
  3470 | D:4      | Reached ** piety under Uskayaw
  3739 | D:4      | Found a shimmering blue altar of Sif Muna.
  3804 | D:5      | Entered Level 5 of the Dungeon
  4063 | D:5      | Found a shimmering blue altar of Sif Muna.
  4093 | D:5      | Reached XP level 7. HP: 45/45 MP: 7/7
  4129 | D:5      | Reached *** piety under Uskayaw
  4464 | D:5      | Noticed Sigmund
  4492 | D:5      | Slain by Sigmund

Illustrated notes

Levels and vault maps discovered:
D:1:      shiori_arrival_whats_in_store_for_you, layout_loops_ring
D:2:      layout_rooms, marbit_many_paths, minmay_misc_feat_cross
D:3:      layout_loops_ring, ashenzari_altar_1, old_standard_altar,
          lemuel_coloured_pillars_altar, first_ration
D:4:      wad_pebble_path, layout_basic, led_sif_pool,
          minmay_temple_entry_mini_moons, serial_shops, shop
D:5:      layout_gridville, lemuel_crystal_altar, basic_altar,
          minmay_gold_behind_fungi, okawaru_gym_becter, uniq_sigmund
Temple:   zaba_magenta_temple

Skill      XL: |  1  2  3  4  5  6  7 |
---------------+----------------------+-----
Short Blades   | 3 4 5 6 |  6.4
Dodging        | 2 |  2.4
Stealth        | 6 |  6.4
Fighting       | 3 |  3.0
Throwing       | |  2.0

Action                   |  1- 3 |  4- 6 |  7- 9 || total
-------------------------+-------+-------+-------++-------
Melee: Dagger            |    57 |   137 |    28 ||   222
       Tentacles         |    10 |    24 |     5 ||    39
       Constrict         |    11 |    32 |     2 ||    45
Throw: Dart              |       |     5 |     1 ||     6
  Use: Potion            |       |     7 |     4 ||    11
       Scroll            |       |     3 |       ||     3
 Stab: Sleeping          |    15 |    15 |     2 ||    32
       Paralysed         |       |       |     1 ||     1
  Eat: Chunk             |     1 |     8 |     2 ||    11
Armor: Skin              |     3 |     6 |     2 ||    11
Dodge: Dodged            |    21 |    49 |     5 ||    75
Block: Other             |     9 |    25 |     6 ||    40
       Reflection        |       |     2 |       ||     2
